 Dungeon Crawl Stone Soup version 0.18.1-48-g4cf74bf (webtiles) character file.

661 Laphicet the Magician (level 7, 58/58 HPs)
             Began as a Black Draconian Wizard on Sept 6, 2016.
             Got out of the dungeon alive.
             The game lasted 00:18:43 (8003 turns).

Laphicet the Magician (Black Draconian Wizard)      Turns: 8003, Time: 00:18:43

Health: 58/58      AC:  9    Str: 10    XL:     7   Next: 30%
Magic:  14/14      EV: 13    Int: 19    God:
Gold:   169        SH:  0    Dex: 10    Spells: 5 memorised, 5 levels left

rFire  . . .     SeeInvis .     q - +4 quarterstaff (chaos)
rCold  . . .     Gourm    .     (armour unavailable)
rNeg   . . .     Faith    +     (shield currently unavailable)
rPois  .         Spirit   .     a - +0 hat
rElec  +         Dismiss  .     v - +2 cloak
rCorr  .         Reflect  .     (no gloves)
SustAt .         Harm     .     (no boots)
MR     .....                    y - amulet of faith
Stlth  ++........               (no ring)
                                (no ring)

@: not resistant to hostile enchantments, unstealthy
A: breathe lightning, unfitting armour, electricity resistance, cold-blooded, AC
+6
a: Breathe Lightning


You escaped.
You were not hungry.

You visited 1 branch of the dungeon, and saw 5 of its levels.

You collected 169 gold pieces.

Inventory:

Hand Weapons
 j - a +1 whip of holy wrath
 q - a +4 quarterstaff of chaos (weapon)
Missiles
 k - 70 stones (quivered)
Armour
 a - a +0 hat (worn)
 v - a +2 cloak (worn)
Jewellery
 y - an amulet of faith (around neck)
Scrolls
 f - a scroll of enchant weapon
 m - a scroll of recharging
 n - 2 scrolls of fear
 o - a scroll of teleportation
 t - a scroll of immolation
 A - a scroll of remove curse
 B - 3 scrolls of magic mapping {unknown}
 D - a scroll of identify
Potions
 d - a potion of ambrosia {unknown}
 e - 2 potions of haste
 g - a potion of invisibility {unknown}
 h - 2 potions of brilliance {unknown}
 i - a potion of heal wounds {unknown}
 l - a potion of berserk rage {unknown}
 p - a potion of agility {unknown}
 r - a potion of cure mutation {unknown}
 s - 2 potions of degeneration {unknown}
 u - a potion of cancellation {unknown}
 w - 2 potions of curing {unknown}
 x - a potion of might {unknown}
 z - a potion of mutation {unknown}
Books
 b - a book of Minor Magic

   Spells                             Type                      Level
   a - Magic Dart                     Conjuration                  1
   b - Blink                          Translocation                2
   c - Call Imp                       Summoning                    2
   d - Repel Missiles                 Charms/Air                   2
   e - Slow                           Hexes                        2
   f - Conjure Flame                  Conjuration/Fire             3
   g - Mephitic Cloud                 Conjuration/Poison/Air       3
Comestibles
 c - 4 bread rations


   Skills:
 + Level 3.9 Fighting
 + Level 1.3 Staves
 + Level 3.8 Dodging
 + Level 4.1 Stealth
 + Level 4.7 Spellcasting
 - Level 1.0 Conjurations
 - Level 1.0 Summonings
 - Level 1.0 Translocations


You had 5 spell levels left.
You knew the following spells:

 Your Spells              Type           Power        Failure   Level  Hunger
a - Magic Dart            Conj           #...         10%         1    None
b - Blink                 Tloc           N/A          14%         2    #......
c - Call Imp              Summ           #.......     14%         2    #......
m - Mephitic Cloud        Conj/Pois/Air  #.......     34%         3    ##.....
R - Repel Missiles        Chrm/Air       #.....       21%         2    #......


Dungeon Overview and Level Annotations

Branches:
Dungeon (5/15)
 Temple: D:4-7

Altars:
Nemelex Xobeh
Sif Muna
Xom
Zin

Annotations:
D:3 PeterLawrence's ghost, amateur MiFi


Innate Abilities, Weirdness & Mutations

You can breathe wild blasts of lightning.
Your glossy black scales are hard (AC +6).
Your body does not fit into most forms of armour.
You are resistant to electric shocks.
You are cold-blooded and may be slowed by cold attacks.


Message History

No target in view!
No target in view!
There is a stone staircase leading up here.
You climb upwards.
There is a stone staircase leading down here.
A bat comes into view.
You can't go up here!
You barely miss the bat. The bat hits you but does no damage.
The bat barely misses you. The bat misses you.
You miss the bat.
Your tail-slap misses the bat.
The bat closely misses you. The bat barely misses you.
There is an open door here.
The bat closely misses you.
You thump the bat!
You kill the bat!
No target in view!
No target in view!
There is a staircase leading out of the dungeon here.
Are you sure you want to leave the Dungeon?
This will make you lose the game!
You have escaped!

...........# ##.####.###.
##....###### #######
#........... ..###.#
###.....###..####.###. #.#
#.# #'.......##..# ##.### #.#
#.# ##.....(...'#.# ##.## #.#
#.# ##...........### ##.. ..#
#.####.............# #####
### #..##..............####
#.... #...........@.........#
#.###
#.###..............##.###.# #
#.##'#.............#......###
#.##.##...........#######....
#.#..###.........'### ##..#
#####)....###.......##..#
###..# ....#####.#
##.....##...# ##.#..# ###.#
#.# #######....###.#...# #.#
#.# #.# #.......###..#


There were no monsters in sight!

Vanquished Creatures
  An ogre (D:5)
  A big kobold (D:4)
  3 vampire bats (D:4)
  A crimson imp (D:5)
  A hound (D:5)
  A jelly (D:5)
  Crazy Yiuf (D:3)
  An orc wizard (D:5)
  3 worker ants
  2 adders
  5 dart slugs
  6 giant geckos
  6 orcs
  9 giant cockroaches
  6 hobgoblins
  3 jackals (D:1)
  3 quokkas
  2 ball pythons (D:3)
  15 bats
  6 giant newts
  8 goblins
  27 kobolds
  4 rats
115 creatures vanquished.

Vanquished Creatures (collateral kills)
  A scorpion (D:4)
  A worker ant (D:4)
  4 adders
  A worm (D:4)
  A giant gecko (D:2)
  An orc (D:5)
  3 bats
  A ball python (D:4)
13 creatures vanquished.

Vanquished Creatures (others)
  A plant (D:4)
1 creature vanquished.

Grand Total: 129 creatures vanquished

Notes
Turn   | Place    | Note
--------------------------------------------------------------
     0 | D:1      | Laphicet the Draconian Wizard began the quest for the Orb.
     0 | D:1      | Reached XP level 1. HP: 14/14 MP: 4/4
   777 | D:1      | Reached XP level 2. HP: 19/22 MP: 6/6
   882 | D:1      | Learned a level 2 spell: Blink
   885 | D:1      | Learned a level 2 spell: Call Imp
  1246 | D:1      | Reached skill level 1 in Fighting
  1442 | D:1      | Reached XP level 3. HP: 15/28 MP: 7/7
  2673 | D:3      | Reached XP level 4. HP: 34/36 MP: 9/9
  2688 | D:3      | Learned a level 2 spell: Repel Missiles
  2693 | D:3      | Learned a level 3 spell: Mephitic Cloud
  2768 | D:3      | Noticed PeterLawrence's ghost (amateur MiFi)
  4008 | D:3      | Noticed Crazy Yiuf
  5013 | D:4      | Reached XP level 5. HP: 40/42 MP: 10/10
  5405 | D:4      | Found a shimmering altar of Xom.
  5405 | D:4      | Found a glowing silver altar of Zin.
  5405 | D:4      | Found a sparkling altar of Nemelex Xobeh.
  5464 | D:4      | Reached XP level 6. HP: 26/51 MP: 8/12
  6266 | D:4      | Found a deep blue altar of Sif Muna.
  6830 | D:3      | Killed Crazy Yiuf
  7218 | D:5      | Entered Level 5 of the Dungeon
  7580 | D:5      | Noticed an orc warrior
  7711 | D:5      | Reached skill level 1 in Staves
  7711 | D:5      | Your scales start taking on a glossy black colour.
  7711 | D:5      | Reached XP level 7. HP: 33/58 MP: 5/14
  7711 | D:5      | Gained mutation: You are resistant to electric shocks. [Black Draconian growth]
  8003 | D:$      | Got out of the dungeon alive.

Skill      XL: |  1  2  3  4  5  6 |
---------------+-------------------+-----
Stealth        | 2 3 4 |  4.1
Dodging        | 2 3 |  3.8
Fighting       | 1 2 3 |  3.9
Spellcasting   | 4 |  4.7
Staves         | 1 |  1.3
Conjurations   | |  1.0
Summonings     | |  1.0
Translocations | |  1.0

Action                   |  1- 3 |  4- 6 |  7- 9 || total
-------------------------+-------+-------+-------++-------
Melee: Spear             |    20 |       |       ||    20
       Unarmed           |    10 |       |       ||    10
       Whip              |   163 |   272 |       ||   435
       Tailslap          |    11 |    23 |     4 ||    38
       Quarterstaff      |       |    27 |    16 ||    43
 Cast: Magic Dart        |     4 |       |       ||     4
       Call Imp          |     3 |    30 |     1 ||    34
       Repel Missiles    |       |     1 |       ||     1
       Mephitic Cloud    |       |     4 |       ||     4
  Use: Scroll            |     2 |     8 |       ||    10
 Stab: Sleeping          |     5 |     4 |       ||     9
       Distracted        |       |     1 |       ||     1
       Paralysed         |       |     2 |       ||     2
  Eat: Chunk             |     6 |    10 |     2 ||    18
       Beef jerky        |       |     1 |       ||     1
       Meat ration       |       |     1 |       ||     1
Armor: Skin              |    63 |   117 |     4 ||   184
Dodge: Dodged            |   158 |   250 |    13 ||   421
       Deflected         |       |     3 |       ||     3
